Map: Zen LE

Players

antagomiR

  • Race: Protoss Protoss
  • League: Gold
  • Spawn Location: 1:00

Nexus - Winner!

  • Race: Terran Terran
  • League: Silver
  • Spawn Location: 7:00

VOD

Have the link to the VOD?

Description

Time

  • Played on: April 3, 2020, 6:51 p.m.
  • Length: 10:09
Show
View Real Time Build Order
Export as new Build Order

antagomiR Protoss 

Build Orders: Blink Stalkers 

Get SALT Encoding   

  12  0:01  Probe  
  13  0:13  Probe  
  14  0:20  Pylon  
  14  0:25  Probe  
  15  0:38  Gateway  
  15  0:43  Probe (Chrono Boost)  
  16  0:51  Assimilator  
  16  0:53  Probe (Chrono Boost)  
  17  1:01  Probe  
  17  1:03  Assimilator  
  18  1:13  Probe  
  19  1:33  Probe  
  19  1:38  Pylon  
  20  1:40  Cybernetics Core  
  20  1:45  Probe  
  21  1:57  Probe  
  22  2:09  Probe  
  22  2:10  Warp Gate (Chrono Boost)  
  23  2:16  Nexus  
  23  2:32  Probe  
  23  2:33  Gateway  
  23  2:36  Gateway  
  24  2:43  Pylon  
  24  2:44  Probe  
  24  2:51  Stalker (Chrono Boost)  
  25  2:57  Probe  
  28  3:00  Robotics Facility  
  28  3:03  Twilight Council  
  28  3:31  Gateway  
  28  3:33  Stalker  
  30  3:35  Stalker  
  30  3:41  Blink  
  32  3:54  Nexus  
  32  4:08  Immortal  
  36  4:11  Probe  
  36  4:16  Sentry  
  39  4:24  Gateway  
  39  5:03  Pylon  
  39  5:05  Pylon x2  
  39  5:06  Probe  
  40  5:14  Probe  
  41  5:18  Probe  
  42  5:26  Probe  
  43  5:30  Probe  
  43  5:31  Zealot x3  
  43  5:32  Zealot  
  52  5:38  Probe  
  52  5:42  Probe  
  50  5:50  Probe  
  50  5:54  Probe  
  52  5:59  Assimilator  
  52  6:02  Probe, Stalker x2  
  52  6:03  Stalker  
  59  6:04  Assimilator  
  59  6:06  Probe  
  60  6:20  Probe x2  
  62  6:32  Probe x2  
  54  6:44  Stalker x3  
  54  6:45  Stalker  
  60  6:51  Probe  
  60  6:52  Probe  
  59  7:16  Forge  
  59  7:18  Pylon  
  59  7:37  Probe x2  
  61  7:49  Probe x2  
  55  8:01  Probe x2  
  41  8:14  Zealot x2  
  41  8:15  Zealot x2  
  32  8:45  Photon Cannon  
  32  8:46  Photon Cannon  
  26  8:55  Stalker  
Show
View Real Time Build Order
Export as new Build Order

Nexus Terran - Winner!

Build Orders:  

Get SALT Encoding   

  12  0:02  SCV  
  13  0:14  SCV  
  14  0:26  SCV  
  14  0:27  Supply Depot  
  15  0:35  Refinery  
  15  0:43  Refinery  
  15  0:50  Barracks  
  15  1:02  Supply Depot  
  15  1:16  SCV  
  16  1:28  SCV  
  17  1:45  Command Center  
  17  1:50  SCV  
  18  1:57  Marine  
  19  2:02  SCV  
  20  2:17  Factory  
  20  2:28  Orbital Command  
  20  2:33  Marine  
  21  2:46  Engineering Bay  
  21  3:00  Refinery  
  21  3:02  Factory Tech Lab  
  21  3:14  Starport  
  21  3:16  Marine  
  22  3:24  SCV  
  23  3:33  Planetary Fortress  
  23  3:45  Siege Tank  
  26  3:51  Medivac  
  26  3:55  SCV  
  29  4:06  Fusion Core  
  29  4:11  SCV  
  29  4:15  SCV  
  31  4:22  Starport Tech Lab  
  31  4:27  SCV  
  32  4:51  Marine  
  33  4:56  SCV  
  33  4:58  SCV  
  35  5:02  Supply Depot  
  35  5:05  Battlecruiser  
  41  5:10  SCV  
  42  5:26  Supply Depot  
  36  5:59  Siege Tank  
  36  6:01  Marine  
  40  6:09  Battlecruiser  
  44  6:14  SCV, Refinery  
  45  6:18  Marine  
  46  6:26  SCV  
  47  6:36  Marine  
  47  6:38  SCV  
  49  6:51  SCV  
  44  6:54  Marine  
  45  7:03  SCV, Cyclone  
  49  7:12  Marine  
  49  7:13  Battlecruiser  
  49  7:14  Terran Infantry Weapons Level 1  
  49  7:15  SCV  
  57  7:16  Supply Depot  
  57  7:27  SCV  
  58  7:30  Marine  
  58  7:34  Weapon Refit  
  58  7:35  Cyclone  
  62  7:39  SCV  
  63  7:47  Marine  
  64  7:51  SCV  
  65  8:05  Marine  
Tags
 
Composition
Blink Stalkers
Matchup
PvT
Replay Pack
20200422
Spawn Locations
Cross Positions
Add a new tag
Caveats
  • Supply blocks, unpowered buildings, or Contaminate may cause inaccurate times.
  • Supply counts are checked every 10 seconds.